 Dungeon Crawl Stone Soup version 0.31.0-11-ge490571c62 (webtiles) character file.

Game seed: 10353889146783619302

29269 Greth the Warrior (level 13, -4/140 HPs)
             Began as a Hill Orc Chaos Knight on Feb 8, 2024.
             Was a Plaything of Xom.
             Incinerated by a deep elf pyromancer (18 damage)
             ... with a pyre arrow
             ... on level 15 of the Dungeon.
             The game lasted 02:01:34 (14859 turns).

Greth the Warrior (Hill Orc Chaos Knight)          Turns: 14859, Time: 02:01:34

Health: -4/140     AC: 37    Str: 18    XL:     13   Next: 44%
Magic:  0/22       EV:  7    Int: 10    God:    Xom [..*...]
Gold:   708        SH:  0    Dex: 18    Spells: 12/12 levels left

rFire   . . .        E - +4 great mace (protect)
rCold   . . .        (shield currently unavailable)
rNeg    . . .        P - +0 plate armour
rPois   .            W - +0 helmet
rElec   .            f - +0 cloak
rCorr   .            F - +2 pair of gloves
SInv    .            t - +1 pair of boots
Will    +....        m - amulet of guardian spirit Stlth
                     B - ring of magical power
HPRegen 0.43/turn    R - ring of Xutzut {Will+ AC+4 Dex+4}
MPRegen 0.18/turn

%: clarity, guardian spirit
@: on fire, under a protective aura, glowing, studying Invocations
A: thin skeletal structure 1, clarity, dopey 1, robust 1
a: Renounce Religion


You were on level 15 of the Dungeon.
You worshipped Xom.
You were a toy of Xom.
You visited 1 branch of the dungeon, and saw 15 of its levels.
You also visited: Ossuary.

You collected 861 gold pieces.
You spent 153 gold pieces at shops.

Inventory:

Hand Weapons
 i - a +4 trident of draining
 l - the +6 hand axe of Sunlight {drain, rN+}
   (You found it on level 9 of the Dungeon)

   rN+:       It protects you from negative energy.
 n - a +6 hand axe
 E - a +4 great mace of protection (weapon)
 H - a +4 halberd
 I - a +3 flail
Armour
 c - a +0 buckler
 f - a +0 cloak (worn)
 j - an orb of mayhem
 t - a +1 pair of boots (worn)
 u - a +2 chain mail
 x - a scarf of repulsion
 F - a +2 pair of gloves (worn)
 P - a +0 plate armour (worn)
 S - a +0 troll leather armour
 W - a +0 helmet (worn)
Magical Staves
 K - a staff of earth
Jewellery
 d - the ring of Ycocsuri {rC- rCorr Str+6 Int+6 Stlth+}
   (You acquired it on level 4 of the Dungeon)

   [ring of strength]

   Str+6:     It affects your strength (+6).
   Int+6:     It affects your intelligence (+6).
   rC-:       It makes you vulnerable to cold.
   rCorr:     It protects you from acid and corrosion.
   Stlth+:    It makes you more stealthy.
 g - a ring of flight
 m - an amulet of guardian spirit (around neck)
 B - a ring of magical power (left hand)
 D - an amulet of regeneration
 G - a ring of willpower
 J - a ring of willpower
 R - the ring of Xutzut (right hand) {Will+ AC+4 Dex+4}
   (You found it on level 11 of the Dungeon)

   [ring of protection]

   AC+4:      It affects your AC (+4).
   Dex+4:     It affects your dexterity (+4).
   Will+:     It increases your willpower.
Talismans
 Q - a serpent talisman
 V - a maw talisman
Wands
 a - a wand of charming (20)
 e - a wand of roots (4)
 L - a wand of polymorph (2)
 M - a wand of mindburst (12)
 N - a wand of flame (24) (quivered)
Scrolls
 p - 4 scrolls of amnesia
 r - 3 scrolls of vulnerability
 w - 2 scrolls of enchant weapon
 y - 3 scrolls of teleportation
 C - 5 scrolls of identify
 O - a scroll of silence
 T - a scroll of fog
 X - a scroll of immolation
Potions
 b - 2 potions of attraction
 h - 3 potions of enlightenment
 k - 2 potions of cancellation
 o - 2 potions of degeneration
 q - a potion of ambrosia
 v - 2 potions of curing
 A - a potion of mutation
Miscellaneous
 s - a lightning rod (inert)
 U - a tin of tremorstones (inert)


   Skills:
 + Level 15.8 Fighting
 - Level 14.6(15.6) Axes
 + Level 1.1(8.0) Maces & Flails
 - Level 7.5(10.9) Polearms
 + Level 14.2 Armour
 - Level 1.7 Dodging


You had 12 spell levels left.
You didn't know any spells.
Your spell library contained the following spells:

 Spells                   Type           Power      Damage    Failure   Level
 Scorch                   Fire           0%         2d5       100%        2
 Call Canine Familiar     Summ           0%         N/A       100%        3
 Gell's Gravitas          Tloc           0%         N/A       100%        3
 Sigil of Binding         Hex            0%         N/A       100%        3
 Teleport Other           Tloc           0%         N/A       100%        3
 Dimensional Bullseye     Hex/Tloc       0%         N/A       100%        4
 Flame Wave               Conj/Fire      0%         2d4       100%        4
 Dispersal                Tloc           0%         N/A       100%        6
 Summon Cactus Giant      Summ           0%         N/A       100%        6


Dungeon Overview and Level Annotations

Branches:
Dungeon (15/15)              Lair (0/5) D:8          Vaults (0/5) D:14
 Depths (0/4) D:15        Ossuary (visited)
 Temple: D:4-7          Orc: D:9-12

Altars:
Ashenzari
Dithmenos
Fedhas
Gozag
Hepliaklqana
Kikubaaqudgha
Okawaru
Qazlal
Ru
Sif Muna
Uskayaw
Vehumet
Wu Jian
Xom
Yredelemnul
Zin
Lugonu

Shops:
D:3 ?   D:4 *

Portals:
Abyss: D:8

Annotations:
D:3 2 transporters, Sandpaper2's ghost, weakling MiGl
D:7 2 transporters, becking's ghost, amateur MiFi
D:8 2 transporters, Rassilon's ghost, novice GrFi


Innate Abilities, Weirdness & Mutations

You have a somewhat thin skeletal structure. (Dex +2, Stealth+)
You possess an exceptional clarity of mind.
You are dopey. (Int -2)
You are robust. (+10% HP)


Message History

You destroy the fire elemental!
The fire elemental disappears in a puff of smoke!
The liquid fire burns you!
You hit the deep elf pyromancer.
The deep elf pyromancer is lightly wounded.
The liquid fire burns you!
The deep elf pyromancer hits you but does no damage. x2
You thump the deep elf pyromancer!
The deep elf pyromancer is moderately wounded.
The liquid fire burns you!
The deep elf pyromancer closely misses you.
You hit the deep elf pyromancer.
The deep elf pyromancer is heavily wounded.
The liquid fire burns you!
The deep elf pyromancer hits you but does no damage.
You hit the deep elf pyromancer.
The deep elf pyromancer is severely wounded.
The liquid fire burns you!
The deep elf pyromancer barely misses you. x2
You closely miss the deep elf pyromancer.
The deep elf pyromancer is heavily wounded.
The liquid fire burns you!
* * * LOW HITPOINT WARNING * * *
The deep elf pyromancer casts a spell at you.
The pyre arrow hits you.
You are even more covered in intense liquid fire!
You feel better. The liquid fire burns you!
* * * LOW HITPOINT WARNING * * *
The deep elf pyromancer gestures at you while chanting.
The bolt of fire misses you.
You closely miss the deep elf pyromancer.
The deep elf pyromancer is heavily wounded.
The liquid fire burns you!
* * * LOW HITPOINT WARNING * * *
The deep elf pyromancer hits you with a +0 long sword.
You bludgeon the deep elf pyromancer!!
You kill the deep elf pyromancer!
The liquid fire burns you!
You die...

##### ....# ###.#
######## #############
#......######...........#
#...☼..##........######.#
###..eE..##........# #.#
.........##........# #.#
#......##@$......# #.#
#.....<.........# #.#
#.######....<...# #.#
#........# #.# #........#
#.# ##.##.##### #.#
#.##.....# #.# #.######.#
#.# ... #... #.#


There were no monsters in sight!

Vanquished Creatures
  Rupert (D:15)
  A rakshasa (D:15)
  A fire dragon (D:14)
  A catoblepas (D:13)
  2 centaur warriors (D:13)
  3 two-headed ogres
  A tengu warrior (D:14)
  2 deep elf pyromancers
  A necromancer (D:14)
  8 ugly things
  A manticore (D:13)
  A cyclops (D:13)
  A black mamba (shapeshifter) (D:13)
  3 gargoyles
  Jeremiah (D:8)
  A freezing wraith (D:14)
  A komodo dragon (D:13)
  A tengu conjurer (D:14)
  A rime drake (D:8)
  A hornet (D:9)
  3 trolls
  A polar bear (D:8)
  13 slime creatures
  A shadow (D:12)
  A spriggan (shapeshifter) (D:13)
  2 wyverns
  A vampire (D:14)
  Eustachio (D:5)
  3 wraiths
  17 yaks
  2 steam dragons (D:10)
  A water moccasin (D:7)
  A swamp drake (D:5)
  2 orc warriors
  5 ice beasts
  2 wolves (D:8)
  A boggart (D:10)
  2 centaurs
  2 phantoms (D:7)
  3 lemures (D:6)
  A weeping skull (Ossuary)
  3 kobold brigands
  2 elf zombies (Ossuary)
  A gnoll sergeant (D:10)
  2 bullfrogs
  2 scorpions
  12 wights
  2 burial acolytes (Ossuary)
  10 killer bees
  3 electric eels (D:8)
  7 howler monkeys
  2 lava snakes (D:7)
  A quasit (D:5)
  2 centaur zombies (Ossuary)
  2 hounds
  A jelly (D:7)
  6 orc priests
  2 human zombies
  2 sleepcaps
  Terence (D:3)
  2 human skeletons (D:5)
  An iguana (D:7)
  10 orc wizards
  3 hound zombies (Ossuary)
  2 mummies (Ossuary)
  14 gnolls
  4 adders
  2 white imps
  2 dart slugs
  A ribbon worm (D:4)
  28 orcs
  9 ball pythons
  4 endoplasms
  3 giant cockroaches
  2 gnoll zombies (Ossuary)
  8 goblins
  9 hobgoblins
  4 jackals (D:1)
  A quokka (D:2)
  2 bats
  A frilled lizard (D:1)
  10 kobolds
  7 orc zombies
  A rat (D:3)
291 creatures vanquished.

Vanquished Creatures (collateral kills)
  2 two-headed ogres (D:11)
  Pikel (D:6)
  An ugly thing (D:14)
  3 meliai (D:14)
  2 centaurs
  A lemure (D:6)
10 creatures vanquished.

Vanquished Creatures (others)
  A dancing weapon (D:14)
  A wolf (D:8)
  A killer bee (D:10)
3 creatures vanquished.

Grand Total: 304 creatures vanquished

Notes
Turn   | Place    | Note
-------+----------+-------------------------------------------
     0 | D:1      | Greth the Hill Orc Chaos Knight began the quest for the
                  | Orb.
     0 | D:1      | Reached XP level 1. HP: 19/19 MP: 1/1
   113 | D:1      | Reached skill level 1 in Dodging
   123 | D:1      | Reached XP level 2. HP: 22/27 MP: 2/2
   180 | D:1      | XOM: divination: detect items
   184 | D:1      | Found a faded altar of an unknown god.
   215 | D:1      | XOM: cloud trail
   486 | D:2      | Reached skill level 4 in Fighting
   486 | D:2      | Reached XP level 3. HP: 33/33 MP: 3/3
  1003 | D:3      | Noticed Terence
  1008 | D:3      | Killed Terence
  1009 | D:3      | Reached XP level 4. HP: 40/40 MP: 2/4
  1021 | D:3      | Found a transporter.
  1063 | D:3      | Found Rour Woy's Magic Scroll Boutique.
  1074 | D:3      | Found a transporter.
  1131 | D:3      | Noticed Sandpaper2's ghost (weakling MiGl)
  1139 | D:3      | Bought a scroll of identify for 20 gold pieces
  1218 | D:3      | Found a blossoming altar of Fedhas.
  1221 | D:3      | Found an ancient bone altar of Kikubaaqudgha.
  1267 | D:3      | XOM: divination: magic mapping
  1402 | D:3      | Reached skill level 5 in Axes
  1467 | D:3      | XOM: potion effect (might)
  1488 | D:3      | Found an iron altar of Okawaru.
  1493 | D:3      | Reached XP level 5. HP: 47/47 MP: 5/5
  1533 | D:4      | Found Doap's General Store.
  1642 | D:3      | XOM: 1-stop teleportation journey
  1787 | D:4      | Xom revived you
  1937 | D:4      | Found a hazy altar of Hepliaklqana.
  1954 | D:4      | Reached skill level 5 in Fighting
  2001 | D:4      | XOM: cloud trail
  2146 | D:4      | Found a hide-covered altar of Uskayaw.
  2192 | D:4      | Found a shimmering blue altar of Sif Muna.
  2202 | D:4      | Found a glowing silver altar of Zin.
  2225 | D:4      | XOM: potion effect (haste)
  2245 | D:4      | Reached XP level 6. HP: 44/56 MP: 3/6
  2257 | D:4      | Identified a scroll of acquirement
  2257 | D:4      | Acquired the ring of Ycocsuri {rC- rCorr Str+6 Int+6
                  | Stlth+}
  2264 | D:4      | XOM: silly message
  2612 | D:4      | XOM: cloud trail
  2643 | D:4      | Bought a scroll of identify for 28 gold pieces
  2643 | D:4      | Bought a scroll of enchant weapon for 105 gold pieces
  2648 | D:5      | Entered Level 5 of the Dungeon
  2710 | D:5      | Identified the +1 long sword of the Pariah {speed, ^Drain
                  | rC- Will+++ Dex+8}
  2747 | D:5      | Noticed a black bear
  2753 | D:5      | a black bear changed into a warg
  2753 | D:5      | Noticed a warg
  2761 | D:5      | a warg changed into an endoplasm
  2761 | D:5      | XOM: polymorph warg -> endoplasm
  2813 | D:5      | Noticed Eustachio
  2813 | D:5      | XOM: 3-stop teleportation journey
  2826 | D:4      | XOM: give mutations
  2826 | D:4      | Gained mutation: You have a somewhat thin skeletal
                  | structure. (Dex +2, Stealth+) [Xom's mischief]
  2826 | D:4      | Gained mutation: You are dopey. (Int -2) [Xom's mischief]
  2840 | D:4      | XOM: stat loss: -1 Dex (10/12)
  3028 | D:5      | Noticed Grinder
  3046 | D:5      | Paralysed by Grinder for 4 turns
  3048 | D:5      | XOM: potion effect (attraction)
  3050 | D:5      | Grinder changed into Grinder the quasit
  3050 | D:5      | Noticed Grinder
  3050 | D:5      | XOM: polymorph Grinder -> Grinder the quasit
  3054 | D:5      | XOM: confusion
  3063 | D:5      | Killed Grinder the quasit
  3064 | D:5      | Reached XP level 7. HP: 42/62 MP: 3/7
  3065 | D:5      | Reached skill level 6 in Fighting
  3114 | D:5      | Reached skill level 5 in Armour
  3317 | D:5      | Found a sand-covered staircase.
  3331 | Ossuary  | Entered an ossuary
  3337 | Ossuary  | XOM: 1-stop teleportation journey
  3384 | Ossuary  | Found an ancient bone altar of Kikubaaqudgha.
  3595 | Ossuary  | XOM: noise
  3598 | Ossuary  | Reached XP level 8. HP: 67/71 MP: 6/8
  3603 | Ossuary  | Reached skill level 7 in Fighting
  3857 | D:5      | XOM: noise
  3858 | D:5      | XOM: divination: detect items
  3869 | D:5      | XOM: noise
  3876 | D:5      | XOM: enchant monster (bad)
  3878 | D:5      | Killed Eustachio
  4112 | D:6      | Found a radiant altar of Vehumet.
  4132 | D:6      | Reached skill level 8 in Fighting
  4183 | D:6      | Noticed Pikel
  4199 | D:6      | XOM: 1-stop teleportation journey
  4265 | D:6      | XOM: cleaving
  4268 | D:6      | XOM: summons friendly crimson imp
  4382 | D:6      | XOM: summons 8 friendly demons
  4411 | D:6      | Killed Pikel
  4412 | D:6      | Reached XP level 9. HP: 80/82 MP: 9/9
  4481 | D:6      | XOM: cloud trail
  4566 | D:6      | XOM: cast spell 'Summon Ice Beast'
  4600 | D:6      | Reached skill level 9 in Fighting
  4672 | D:6      | Found a shadowy altar of Dithmenos.
  4930 | D:7      | Found a broken altar of Ashenzari.
  4953 | D:7      | XOM: 4-stop teleportation journey
  4960 | D:7      | XOM: give mutation
  4960 | D:7      | Gained mutation: You are robust. (+10% HP) [Xom's grace]
  5088 | D:7      | Reached skill level 10 in Axes
  5113 | D:7      | XOM: 1-stop teleportation journey
  5117 | D:7      | XOM: fake destruction
  5226 | D:7      | Found a transporter.
  5228 | D:7      | Noticed becking's ghost (amateur MiFi)
  5243 | D:7      | Found a transporter.
  5273 | D:7      | Noticed a moth of wrath
  5399 | D:7      | Found a basalt altar of Yredelemnul.
  5440 | D:7      | XOM: summons friendly white imp
  5515 | D:7      | XOM: silly message
  5571 | D:7      | Found an ornate altar of the Wu Jian Council.
  5737 | D:8      | Reached skill level 10 in Fighting
  5746 | D:8      | Noticed a two-headed ogre
  5748 | D:8      | a two-headed ogre changed into a komodo dragon
  5748 | D:8      | Noticed a komodo dragon
  5748 | D:8      | XOM: polymorph two-headed ogre -> komodo dragon
  5752 | D:8      | XOM: summons 5 friendly demons
  5791 | D:8      | a komodo dragon changed into a wyvern
  5791 | D:8      | XOM: polymorph komodo dragon -> wyvern
  5798 | D:8      | Reached XP level 10. HP: 53/102 MP: 10/10
  5866 | D:8      | Found a transporter.
  5878 | D:8      | XOM: scenery: create altars
  5888 | D:8      | Found a one-way gate to the infinite horrors of the Abyss.
  5888 | D:8      | Noticed Rassilon's ghost (novice GrFi)
  5922 | D:8      | Noticed a green ugly thing
  5934 | D:8      | XOM: scenery: summon butterflies
  5942 | D:8      | Found a transporter.
  5947 | D:8      | Noticed a hell hog
  5982 | D:8      | Found a staircase to the Lair.
  6004 | D:8      | XOM: destruction
  6011 | D:8      | XOM: cleaving
  6012 | D:8      | XOM: cast spell 'Metabolic Englaciation'
  6105 | D:8      | XOM: cloud trail
  6115 | D:8      | Noticed a two-headed ogre
  6116 | D:8      | XOM: blink monster(s)
  6127 | D:8      | Killed a two-headed ogre
  6226 | D:8      | XOM: silly message
  6298 | D:8      | Reached skill level 11 in Fighting
  6410 | D:8      | Noticed Jeremiah
  6434 | D:8      | XOM: cast spell 'Leda's Liquefaction'
  6436 | D:8      | XOM: confuse monster(s)
  6754 | D:8      | XOM: swap monsters
  6759 | D:8      | Killed Jeremiah
  6925 | D:8      | XOM: enchant monster (bad)
  7022 | D:8      | XOM: noise
  7033 | D:8      | Reached skill level 10 in Armour
  7147 | D:8      | XOM: silly message
  7224 | D:9      | Found a sacrificial altar of Ru.
  7343 | D:9      | Identified the +6 hand axe of Sunlight {drain, rN+}
  7609 | D:9      | XOM: silly message
  7681 | D:10     | Entered Level 10 of the Dungeon
  7702 | D:10     | Noticed a gargoyle
  7703 | D:10     | XOM: potion effect (might)
  7707 | D:10     | XOM: divination: detect items
  7718 | D:10     | Killed a gargoyle
  7719 | D:10     | Reached XP level 11. HP: 104/114 MP: 11/11
  7771 | D:10     | Reached skill level 12 in Fighting
  7772 | D:10     | Noticed a two-headed ogre
  7809 | D:10     | XOM: enchant monster (good)
  7814 | D:10     | Killed a two-headed ogre
  7848 | D:10     | Found an opulent altar of Gozag.
  7929 | D:10     | Found a stormy altar of Qazlal.
  7951 | D:10     | XOM: confuse monster(s)
  8357 | D:10     | XOM: enchant monster (bad)
  8360 | D:10     | XOM: enchant monster (good)
  8363 | D:10     | XOM: polymorph yak -> boggart
  8569 | D:10     | XOM: god gift: wand of roots (5)
  8588 | D:10     | XOM: god gift: wand of mindburst (8)
  8616 | D:11     | Identified the ring of Xutzut {Will+ AC+4 Dex+4}
  8638 | D:11     | XOM: potion effect (invisibility)
  8644 | D:11     | XOM: enchant monster (good)
  8737 | D:11     | Noticed a two-headed ogre
  8739 | D:11     | XOM: fog
  8751 | D:11     | XOM: cast spell 'Animate Armour'
  8756 | D:11     | Killed a two-headed ogre
  8759 | D:11     | Noticed a two-headed ogre
  8771 | D:11     | Killed a two-headed ogre
  8772 | D:11     | Reached skill level 13 in Fighting
  8843 | D:11     | XOM: torment (66/117 hp)
  9083 | D:11     | XOM: 3-stop teleportation journey
  9422 | D:12     | XOM: confuse monster(s)
  9431 | D:12     | Reached XP level 12. HP: 89/126 MP: 12/12
  9622 | D:12     | Noticed a centaur warrior
  9625 | D:12     | a centaur warrior changed into an ice beast
  9625 | D:12     | XOM: polymorph centaur warrior -> ice beast
  9804 | D:12     | XOM: cast spell 'Iskenderun's Battlesphere'
  9812 | D:12     | XOM: silly message
  9829 | D:12     | XOM: polymorph howler monkey -> bat
  9831 | D:12     | Reached skill level 1 in Polearms
 10046 | D:13     | Noticed a catoblepas
 10047 | D:13     | XOM: fog
 10055 | D:13     | XOM: fog
 10064 | D:13     | XOM: summons friendly iron imp
 10066 | D:13     | XOM: summons friendly white imp
 10069 | D:13     | Killed a catoblepas
 10154 | D:13     | XOM: enchant monster (good)
 10180 | D:13     | Reached skill level 14 in Fighting
 10256 | D:13     | XOM: 2-stop teleportation journey
 10378 | D:13     | XOM: smoke on damage
 10379 | D:13     | XOM: noise
 10493 | D:13     | XOM: 1-stop teleportation journey
 10499 | D:13     | XOM: noise
 10535 | D:13     | Found a corrupted altar of Lugonu.
 10659 | D:13     | Noticed a centaur warrior
 10682 | D:13     | Killed a centaur warrior
 10967 | D:13     | XOM: enchant monster (good)
 10990 | D:13     | XOM: enchant monster (bad)
 11135 | D:13     | Noticed a centaur warrior
 11148 | D:13     | Killed a centaur warrior
 11149 | D:13     | Reached skill level 5 in Polearms
 11423 | D:13     | XOM: give mutation
 11423 | D:13     | Gained mutation: You possess an exceptional clarity of
                  | mind. [Xom's mischief]
 11532 | D:14     | XOM: divination: magic mapping
 11598 | D:14     | Found a gate to the Vaults.
 11744 | D:14     | Noticed a two-headed ogre
 11754 | D:14     | Killed a two-headed ogre
 11792 | D:14     | XOM: cleaving
 11901 | D:14     | Noticed a fire dragon
 11915 | D:14     | XOM: summons friendly iron imp
 11943 | D:14     | XOM: fake destruction
 11948 | D:14     | Reached skill level 15 in Fighting
 11952 | D:14     | Reached XP level 13. HP: 35/138 MP: 8/13
 12006 | D:14     | XOM: divination: detect items
 12516 | D:14     | XOM: scenery: create altars
 12613 | D:14     | XOM: cloud trail
 12646 | D:14     | XOM: cast spell 'Leda's Liquefaction'
 12648 | D:14     | XOM: enchant monster (good)
 12749 | D:14     | XOM: silly message
 13013 | D:14     | Killed a fire dragon
 13184 | D:15     | Entered Level 15 of the Dungeon
 13208 | D:15     | Noticed a rakshasa
 13208 | D:15     | XOM: confuse monster(s)
 13221 | D:15     | XOM: silly message
 13262 | D:15     | Killed a rakshasa
 13456 | D:15     | Noticed Rupert
 13462 | D:15     | XOM: potion effect (brilliance)
 13476 | D:15     | XOM: smoke on damage
 13489 | D:15     | Killed Rupert
 13548 | D:15     | XOM: divination: detect creatures
 13593 | D:15     | XOM: noise
 13807 | D:15     | XOM: noise
 13822 | D:15     | HP: 4/140 [titanic slime creature (46)]
 14196 | D:15     | XOM: silly message
 14208 | D:15     | HP: 3/140 [titanic slime creature (39)]
 14208 | D:15     | XOM: butterfly on damage
 14208 | D:15     | XOM: smoke on damage
 14272 | D:15     | XOM: cast spell 'Fugue of the Fallen'
 14310 | D:15     | XOM: noise
 14395 | D:15     | Found a staircase to the Depths.
 14395 | D:15     | Noticed an ettin
 14395 | D:15     | XOM: divination: magic mapping
 14402 | D:15     | XOM: cast spell 'Fugue of the Fallen'
 14409 | D:15     | XOM: potion effect (brilliance)
 14413 | D:15     | XOM: potion effect (attraction)
 14420 | D:15     | XOM: summons 3 friendly demons
 14471 | D:15     | XOM: 3-stop teleportation journey
 14741 | D:14     | Reached skill level 1 in Maces & Flails
 14859 | D:15     | Incinerated by a deep elf pyromancer

Illustrated notes

Levels and vault maps discovered:
D:1:      wander_arrival_estate, layout_basic,
          hellmonk_ecumenical_altar_arch_garden
D:2:      layout_basic, chequers_serial_rivers_large_a
D:3:      corexii_shack_village, layout_loops_ring,
          grunt_temple_overflow_growth_and_decay, okawaru_altar_gauntlet_db,
          gammafunk_ghost_mausoleum, serial_shops, shop_fountains,
          minmay_shallow_snake_nest, uniq_terence, uniq_sigmund
D:4:      layout_basic, nicolae_overflow_macrodata_refinement, serial_shops,
          nicolae_stop_n_shop_1, saegor_snake_ambush
D:5:      layout_rooms, nicolae_ossuary_entry_catacombs,
          minmay_misc_feat_nine_boxes, palyth_stone_intersect, uniq_eustachio,
          uniq_grinder
D:6:      layout_cave_pods, mainiacjoe_overflow_six_doors_small,
          nicolae_dithmenos_through_a_glass_darkly, serial_park,
          serial_park_tiny_pond, serial_park_gazebo
          [serial_park_minivault_5x5_2], serial_park_tiny_1, uniq_pikel
D:7:      layout_loops_corners, ashenzari_altar_1,
          nicolae_wu_jian_glorious_leap, kennysheep_mini,
          minmay_temple_entry_trees, gammafunk_ghost_berserking_beasts,
          amcnicky_mini_pool_medium
D:8:      layout_loops_corners, hellmonk_lair_entry_icy,
          gammafunk_ghost_abyssal_escape, kennysheep_generic_room_2,
          uniq_jeremiah
D:9:      layout_grid_maze, old_standard_altar,
          kennysheep_orc_monster_closet_entryway
D:10:     layout_loops_ring, nicolae_qazlal_scattered_showers,
          nicolae_gozag_seed_capital, hangedman_decor_riveting,
          lemuel_flame_loot_1
D:11:     layout_irregular_city, st_stairs_6, minmay_misc_feat_plants,
          small_statue_intersection
D:12:     layout_irregular_city
D:13:     layout_loops_corners, tgw_lugonu_bribe
D:14:     layout_loops_ring, david_vaults_4, nicolae_cairo_tiling, serial_glass,
          glass_columns_b, glass_columns_c, glass_columns_b, glass_columns_c,
          glass_columns_a, glass_columns_a, glass_columns_a, glass_columns_b,
          minmay_strange_pillars
D:15:     hangedman_depths_entry_civil_slaughter, layout_basic, uniq_rupert

Skill      XL: |  1  2  3  4  5  6  7  8  9 10 11 12 13 |
---------------+----------------------------------------+-----
Dodging        | 1 |  1.7
Fighting       | 4 5 6 8 10 11 13 15 | 15.8
Armour         | 3 4 5 7 8 10 12 13 14 | 14.2
Axes           | 5 6 7 9 10 12 14 | 14.6
Polearms       | 6 7 |  7.5
Maces & Flails | 1 |  1.1

Action                     |  1- 3 |  4- 6 |  7- 9 | 10-12 | 13-15 || total
---------------------------+-------+-------+-------+-------+-------++-------
  Melee: Hand axe          |    76 |   204 |   323 |   573 |   137 ||  1313
         Punch             |       |     2 |     4 |     8 |     4 ||    18
         Halberd           |       |       |       |    18 |       ||    18
         Great mace        |       |       |       |       |    66 ||    66
  Evoke: Wand              |       |     6 |     2 |    27 |     4 ||    39
         Lightning rod     |       |       |       |     4 |     2 ||     6
         Tin of tremorston |       |       |       |     1 |     1 ||     2
    Use: Scroll            |     1 |    15 |     3 |    13 |     8 ||    40
         Potion            |       |     2 |     5 |    12 |     5 ||    24
   Stab: Petrified         |     1 |       |       |       |       ||     1
         Sleeping          |       |     1 |       |     1 |     1 ||     3
         Confused          |       |       |       |     4 |       ||     4
         Invisible         |       |       |       |    11 |       ||    11
         Paralysed         |       |       |       |     2 |     2 ||     4
         Distracted        |       |       |       |     2 |       ||     2
 Armour: Leather armour    |    59 |    69 |       |       |       ||   128
         Chain mail        |       |   161 |   229 |   112 |       ||   502
         Plate armour      |       |       |       |   331 |   213 ||   544
         Skin              |       |       |       |     2 |       ||     2
  Dodge: Dodged            |    52 |   132 |   115 |   195 |    43 ||   537
